 Dungeon Crawl Stone Soup version 0.28.0-47-ge53b351184 (webtiles) character file.

Game seed: 5793423221525284491

30 Mattiprrivan the Shooter (level 3, 0/20 HPs)
             Began as a Deep Elf Hunter on May 1, 2022.
             Slain by a ball python (1 damage)
             ... on level 1 of the Dungeon.
             The game lasted 00:02:53 (616 turns).

Mattiprrivan the Shooter (Deep Elf Hunter)           Turns: 616, Time: 00:02:54

Health: 0/20       AC:  3    Str:  9    XL:     3   Next: 5%
Magic:  5/5        EV:  9    Int: 15    God:
Gold:   0          SH:  0    Dex: 17    Spells: 2/2 levels left

rFire   . . .      SeeInvis .   b - +0 short sword
rCold   . . .      Faith    .   (no shield)
rNeg    . . .      Spirit   .   c - +0 leather armour
rPois   .          Reflect  .   (no helmet)
rElec   x          Harm     .   (no cloak)
rCorr   .          Rampage  .   (no gloves)
Will    .....                   (no boots)
Stlth   ++........              (no amulet)
HPRegen 0.06/turn               (no ring)
MPRegen 0.09/turn               (no ring)

@: constricted
A: [electricity vulnerability]
a: no special abilities


You were on level 1 of the Dungeon.
You visited 1 branch of the dungeon, and saw 1 of its levels.

Inventory:

Hand Weapons
 a - a +1 shortbow
 b - a +0 short sword (weapon)
Armour
 c - a +0 leather armour (worn)


   Skills:
 * Level 1.6 Fighting
 * Level 0.7 Short Blades
 * Level 6.0 Bows
 * Level 0.5 Armour
 * Level 2.6 Dodging
 * Level 1.4 Stealth
 * Level 0.5 Invocations


You had 2 spell levels left.
You didn't know any spells.
Your spell library was empty.

Dungeon Overview and Level Annotations

Branches:
Dungeon (1/15)

Altars:
Qazlal


Innate Abilities, Weirdness & Mutations

[You are vulnerable to electric shocks.]


Message History

The ball python constricts you. The jackal bites you.
You escape the ball python's grasp.
The jackal bites you.
* * * LOW HITPOINT WARNING * * *
The jackal bites you but does no damage.
The ball python closely misses you. The ball python grabs you.
The ball python constricts you.
You escape the ball python's grasp.
The jackal barely misses you.
You closely miss the jackal. The jackal bites you.
* * * LOW HITPOINT WARNING * * *
The jackal bites you but does no damage.
You hit the jackal.
The jackal is severely wounded.
The jackal misses you.
You closely miss the jackal.
The jackal is severely wounded.
The jackal barely misses you.
You closely miss the jackal.
The jackal is severely wounded.
The jackal bites you.
* * * LOW HITPOINT WARNING * * *
The jackal barely misses you.
You hit the jackal.
You kill the jackal!
The ball python bites you.
* * * LOW HITPOINT WARNING * * *
The ball python barely misses you.
You hit the ball python but do no damage.
The ball python barely misses you. The ball python grabs you.
The ball python constricts you.
* * * LOW HITPOINT WARNING * * *
You hit the ball python but do no damage.
The ball python barely misses you. The ball python constricts you.
* * * LOW HITPOINT WARNING * * *
You hit the ball python.
The ball python is moderately wounded.
The ball python barely misses you. The ball python constricts you.
The ball python bites you.
You die...

....... .. #.# #.#.# #. #.##.h###
#. #.# #.#.###. (.......#
#.##.######## #.#..##. .(..g.#.#
#.##.##.....# #.##.#.. J.?#..#.#
#...........# #.##.#.. ..##..#h#
#..#.##.....# #†##...# (.##..#h#
#..#.###'#### #.###..# ..##..#.#
#..#g###.#######.##....
........###...hS@........#.####.#
.............#h###.#####.#.# #..
.†###........#.# #.# #.#.# #..
...............###.# #.#.####..
..###..#####.#.....# #.........
.......# #.#####.#####.#.####.#
..###..# #.....................
..# #..# #.#################...
..# #..# ###>### ###>##..


You could see 2 jackals, a goblin and a ball python.

Vanquished Creatures
  A gnoll (D:1)
  5 ball pythons (D:1)
  2 endoplasms (D:1)
  A giant cockroach (D:1)
  A hobgoblin (D:1)
  2 jackals (D:1)
  2 quokkas (D:1)
  A bat (D:1)
  A frilled lizard (D:1)
  A kobold (D:1)
  2 rats (D:1)
19 creatures vanquished.

Notes
Turn   | Place    | Note
-------+----------+-------------------------------------------
     0 | D:1      | Mattiprrivan the Deep Elf Hunter began the quest for the
                  | Orb.
     0 | D:1      | Reached XP level 1. HP: 12/12 MP: 3/3
   167 | D:1      | Found a faded altar of an unknown god.
   171 | D:1      | Prayed at the altar of an unknown god.
   171 | D:1      | Became a worshipper of Qazlal Stormbringer
   171 | D:1      | Reached * piety under Qazlal
   172 | D:1      | Fell from the grace of Qazlal
   218 | D:1      | Reached XP level 2. HP: 16/16 MP: 4/4
   588 | D:1      | Reached skill level 6 in Bows
   597 | D:1      | Reached XP level 3. HP: 12/20 MP: 5/5
   615 | D:1      | HP: 1/20 [constriction (1)]
   616 | D:1      | Slain by a ball python

Illustrated notes

Levels and vault maps discovered:
D:1:      dpeg_arrival_leaves_temple_mockup, layout_basic,
          hellmonk_ecumenical_altar_heavens_door, serial_shops,
          nicolae_shop_window_shopping

Skill      XL: |  1  2 |
---------------+-------+-----
Bows           | 6 |  6.0
Fighting       | |  1.6
Short Blades   | |  0.7
Armour         | |  0.5
Dodging        | |  2.6
Stealth        | |  1.4
Invocations    | |  0.5

Action                   || total
-------------------------++-------
Melee: Short sword       ||    23
 Fire: Shortbow          ||    43
Invok: Renounce Religion ||     1
  Use: Potion            ||     2
Armor: Leather armour    ||    10
Dodge: Dodged            ||    39
